 Dungeon Crawl Stone Soup version 0.24-a0-355-gbe4061de67 (webtiles) character file.

Game seed: 212821667245743279

753 Azzok the Magician (level 7, -11/36 HPs)
             Began as a Deep Elf Fire Elementalist on May 24, 2019.
             Killed from afar by an orc wizard (14 damage)
             ... with a puff of flame
             ... on level 7 of the Dungeon.
             The game lasted 00:06:46 (5343 turns).

Azzok the Magician (Deep Elf Fire Elementalist)     Turns: 5343, Time: 00:06:47

Health: -11/36     AC:  3    Str:  5    XL:     7   Next: 49%
Magic:  3/19       EV: 13    Int: 22    God:
Gold:   338        SH:  0    Dex: 15    Spells: 6/19 levels left

rFire    . . .     SeeInvis .   s - +0 falchion (holy)
rCold    . . .     Gourm    .   (no shield)
rNeg     . . .     Faith    .   a - +0 robe
rPois    .         Spirit   .   (no helmet)
rElec    .         Reflect  .   (no cloak)
rCorr    .         Harm     .   (no gloves)
MR       .....                  e - +0 pair of boots
Stlth    ++........             r - amulet of magic regeneration
HPRegen  0.12/turn              n - -3 ring of slaying (curse)
MPRegen  0.41/turn              (no ring)

@: no status effects
A: no striking features
a: no special abilities


You were on level 7 of the Dungeon.
You were very hungry.

You visited 2 branches of the dungeon, and saw 8 of its levels.

You collected 338 gold pieces.

Inventory:

Hand Weapons
 s - a +0 falchion of holy wrath (weapon)
Armour
 a - a +0 robe (worn)
 e - a +0 pair of boots (worn)
Jewellery
 n - a cursed -3 ring of slaying (left hand)
 r - an amulet of magic regeneration (around neck)
Scrolls
 b - a scroll of vulnerability {unknown}
 g - a scroll of teleportation
 j - a scroll of blinking
 t - a scroll of identify
Potions
 d - a potion of magic
 f - a potion of cancellation {unknown}
 h - 3 potions of heal wounds {unknown}
 i - 2 potions of lignification {unknown}
 k - a potion of brilliance {unknown}
 l - a potion of invisibility {unknown}
 m - a potion of mutation {unknown}
 o - 2 potions of curing {unknown}
 p - a potion of berserk rage
 q - a potion of might
Comestibles
 c - 7 rations


   Skills:
 - Level 2.4 Dodging
 - Level 2.4 Stealth
 + Level 6.9 Spellcasting
 + Level 5.2 Conjurations
 + Level 6.2 Fire Magic


You had 6 spell levels left.
You knew the following spells:

 Your Spells              Type           Power        Failure   Level  Hunger
a - Flame Tongue          Conj/Fire      ####.        1%          1    None
b - Conjure Flame         Conj/Fire      ####....     2%          3    None
c - Sticky Flame          Conj/Fire      ####....     8%          4    ###....
d - Fireball              Conj/Fire      ####......   22%         5    #####..

Your spell library contained the following spells:

 Spells                   Type           Power        Failure   Level  Hunger
 Throw Flame              Conj/Fire      ####..       1%          2    None
 Inner Flame              Hex/Fire       ###.....     7%          3    None


Dungeon Overview and Level Annotations

Branches:
Dungeon (8/15)             Temple (1/1) D:4
   Lair: D:8-11

Altars:
Ashenzari
Cheibriados
Dithmenos
Elyvilon
Fedhas
Gozag
Hepliaklqana
Kikubaaqudgha
Makhleb
Nemelex Xobeh
Okawaru
Qazlal
Ru
Uskayaw
Wu Jian
Xom
Yredelemnul
The Shining One

Shops:
D:5 %

Annotations:
D:5 Dowan, Duvessa


Message History

Press: ? - help, Shift-Dir - straight line, f/p - adder
Aim: an adder (heavily wounded)
The sticky flame hits the adder.
You kill the adder!
The orc wizard casts a spell at you. The puff of flame hits you!
* * * LOW HITPOINT WARNING * * *
A worker ant comes into view.
Casting: Sticky Flame (safe; 8% risk of failure)
Confirm with . or Enter, or press ? or * to list all spells.
Aiming: Fireball (quite dangerous; 22% risk of failure)
Press: ? - help, Shift-Dir - straight line, f - orc wizard
Aim: an orc wizard, wielding a +0 dagger and wearing a cursed +0 robe (fast)
The fireball explodes!
The fireball engulfs the orc wizard!
The orc wizard is almost dead.
* * * LOW MAGIC WARNING * * *
You hear a shout!
The orc wizard casts a spell at you. The puff of flame hits you!
You die...

▒·▒ ▒·▒ ▒ ▒·▒ ▒· ▒·▒ ▒··
▒·▒ ▒··· ▒·▒ ▒▒▒▒▒▒ ▒····
▒·▒ ▒····▒
▒····a▒▒▒·▒▒▒▒····▒▒▒▒▒▒▒▒
·······o·o·†·@········>··▒
▒·····▒·▒····▒·····▒▒▒▒▒▒▒
▒···· ▒·▒▒▒▒·▒·····▒ ▒···
··· ▒·▒·····▒ ▒▒· ·▒·▒
▒·▒······· ╬ ·····
▒·▒·····▒·▒ ·· ··%
▒·▒·······▒ ▒·· ···
▒)▒·▒······ ▒·▒·······


You could see an orc wizard and an orc.

Vanquished Creatures
  Eustachio (D:5)
  A hungry ghost (D:5)
  A scorpion (D:7)
  A quasit (D:5)
  2 orc wizards
  An orc priest (D:8)
  A bullfrog skeleton (D:3)
  A jelly (D:7)
  2 centaur skeletons (D:5)
  An iguana (D:4)
  2 worker ants
  A gnoll (D:1)
  An adder (D:7)
  A howler monkey skeleton (D:5)
  2 shadow imps
  An ooze (D:3)
  An adder skeleton (D:5)
  2 worms (D:2)
  A dart slug (D:1)
  A leopard gecko (D:3)
  7 orcs
  6 bats
  3 giant cockroaches
  9 goblins
  11 hobgoblins
  6 jackals
  2 quokkas (D:3)
  3 frilled lizards
  6 kobolds
  7 rats
85 creatures vanquished.

Vanquished Creatures (others)
  5 toadstools (D:1)
5 creatures vanquished.

Grand Total: 90 creatures vanquished

Notes
Turn   | Place    | Note
-------+----------+-------------------------------------------
     0 | D:1      | Azzok the Deep Elf Fire Elementalist began the quest for
                  | the Orb.
     0 | D:1      | Reached XP level 1. HP: 10/10 MP: 6/6
   199 | D:1      | Reached XP level 2. HP: 7/15 MP: 5/8
   892 | D:1      | Reached XP level 3. HP: 10/19 MP: 0/10
  1260 | D:2      | You fall into a shaft and drop 2 floors!
  1260 | D:4      | Found a staircase to the Ecumenical Temple.
  1263 | Temple   | Entered the Ecumenical Temple
  1506 | D:4      | Learned a level 3 spell: Conjure Flame
  1599 | D:3      | Reached XP level 4. HP: 24/24 MP: 9/12
  1605 | D:3      | Learned a level 4 spell: Sticky Flame
  1665 | D:3      | Found a hide-covered altar of Uskayaw.
  1947 | D:3      | Found a blossoming altar of Fedhas.
  2403 | D:3      | Found a faded altar of an unknown god.
  2774 | D:2      | Found a shadowy altar of Dithmenos.
  3404 | D:4      | Reached XP level 5. HP: 28/28 MP: 10/14
  3501 | D:5      | Entered Level 5 of the Dungeon
  3514 | D:5      | Learned a level 5 spell: Fireball
  3519 | D:5      | Noticed Duvessa
  3521 | D:5      | Noticed Dowan
  3782 | D:5      | Noticed a hungry ghost
  3794 | D:5      | Killed a hungry ghost
  3794 | D:5      | Reached skill level 5 in Spellcasting
  3794 | D:5      | Reached skill level 5 in Fire Magic
  3794 | D:5      | Reached XP level 6. HP: 32/32 MP: 5/16
  3824 | D:5      | Found Gugemyen's Food Emporium.
  3923 | D:5      | Noticed Eustachio
  3934 | D:5      | Killed Eustachio
  4134 | D:5      | Reached XP level 7. HP: 19/36 MP: 5/18
  5006 | D:5      | You fall into a shaft and drop 3 floors!
  5017 | D:8      | Reached skill level 5 in Conjurations
  5343 | D:7      | Killed from afar by an orc wizard

Levels and vault maps discovered:
D:1:      mrwooster_arrival_statue_2, layout_basic, st_stairs_6,
          minmay_gold_behind_fungi
D:2:      layout_basic, nicolae_dithmenos_through_a_glass_darkly
D:3:      layout_basic, nicolae_overflow_crystal_walls, lemuel_crystal_altar,
          chequers_ecumenical_altar_lobes, hangedman_abyss_or_decor_lesser_grid
D:4:      layout_basic, minmay_temple_entry_large_hall, first_ration
D:5:      layout_loops_corners, serial_shops, nicolae_shop_trees,
          uniq_eustachio, uniq_duvessa
D:7:      layout_basic, lemuel_blue_sif_altar, fiery_altar_vehumet
D:8:      layout_gridville, lair_entry_dummy, hangedman_little_slice_of_home,
          trog_book
Temple:   eino_wide_crystal_templ

Skill      XL: |  1  2  3  4  5  6  7 |
---------------+----------------------+-----
Conjurations   | 2 3 4 5 |  5.2
Spellcasting   | 4 5 6 |  6.9
Fire Magic     | 4 5 6 |  6.2
Dodging        | |  2.4
Stealth        | |  2.4

Action                   |  1- 3 |  4- 6 |  7- 9 || total
-------------------------+-------+-------+-------++-------
Melee: Dagger            |    12 |     5 |       ||    17
       Falchion          |       |     4 |    25 ||    29
 Cast: Flame Tongue      |    48 |    82 |    28 ||   158
       Sticky Flame      |       |     3 |     6 ||     9
       Conjure Flame     |       |     2 |       ||     2
       Fireball          |       |       |     4 ||     4
  Use: Scroll            |       |     9 |       ||     9
 Stab: Sleeping          |       |     3 |       ||     3
  Eat: Chunk             |     2 |     8 |     4 ||    14
Armor: Robe              |     5 |     3 |     9 ||    17
Dodge: Dodged            |    21 |    24 |    23 ||    68
       Rpst.: Falchion   |       |     3 |     4 ||     7

Table legend:
 A = Non-vault XP
 B = Vault XP
 C = Vault XP percentage of total XP
 D = Non-vault monster count
 E = Vault monster count
 F = Vault count percentage of total count
                 A         B        C        D         E       F
            +---------+---------+-------+---------+---------+-------
      Total |     873 |     203 |  18.9 |      83 |       2 |   2.4
            +---------+---------+-------+---------+---------+-------
        D:1 |      42 |       1 |   2.3 |      17 |       1 |   5.6
        D:2 |      27 |       0 |   0.0 |      12 |       0 |   0.0
        D:3 |      79 |       0 |   0.0 |      21 |       0 |   0.0
        D:4 |      76 |       0 |   0.0 |       6 |       0 |   0.0
        D:5 |     423 |     202 |  32.3 |      18 |       1 |   5.3
        D:7 |     137 |       0 |   0.0 |       4 |       0 |   0.0
        D:8 |      89 |       0 |   0.0 |       5 |       0 |   0.0
            +---------+---------+-------+---------+---------+-------
